 Dungeon Crawl Stone Soup version 0.31-a0-152-g6aa68a64a1 (webtiles) character file.

Game seed: 4714094963966941879

340 qw the Chopper (level 6, -1/38 HPs)
             Began as a Gargoyle Fighter on June 10, 2023.
             Slain by a gnoll bouda
             ... wielding a +0 whip
              (8 damage)
             ... on level 4 of the Dungeon.
             The game lasted 00:01:26 (3139 turns).

qw the Chopper (Gargoyle Fighter)                   Turns: 3139, Time: 00:01:26

Health: -1/38      AC: 14    Str: 22    XL:     6   Next: 56%
Magic:  6/6        EV:  8    Int:  8    God:
Gold:   96         SH:  5    Dex: 15    Spells: 5/5 levels left

rFire   . . .        Y - +0 war axe
rCold   . . .        c - +0 buckler
rNeg    + . .        i - +0 chain mail
rPois   inf          (no helmet)
rElec   +            (no cloak)
rCorr   .            m - +0 pair of gloves
SInv    .            (no boots)
Will    +....        b - amulet of faith Stlth
                     l - +6 ring of dexterity
HPRegen 0.26/turn    (no ring)
MPRegen 0.10/turn

%: faith
@: weakened, enlightened, flying
A: sickness immunity, AC +4, negative energy resistance 1, electricity
resistance, torment resistance 1, petrification resistance
a: no special abilities


You were on level 4 of the Dungeon.
You visited 1 branch of the dungeon, and saw 4 of its levels.

You collected 177 gold pieces.
You spent 81 gold pieces at shops.


Innate Abilities, Weirdness & Mutations

You are immune to sickness and miasma.
Your stone body is resilient. (AC +4)
You are immune to poison.
You resist negative energy. (rN+)
You are resistant to electric shocks. (rElec)
You are resistant to unholy torment.
You are immune to petrification.


   Skills:
 - Level 4.0 Fighting
 + Level 5.4 Axes
 - Level 1.2 Throwing
 - Level 3.2 Armour
 - Level 1.0 Dodging
 - Level 3.2 Shields


You had 5 spell levels left.
You didn't know any spells.
Your spell library was empty.

Inventory:

Hand Weapons
 k - a +0 flail
 Y - a +0 war axe (weapon)
Missiles
 s - 6 javelins (quivered)
Armour
 c - a +0 buckler (worn)
 i - a +0 chain mail (worn)
 m - a +0 pair of gloves (worn)
Jewellery
 b - an amulet of faith (around neck)
 l - a +6 ring of dexterity (left hand)
Scrolls
 e - a scroll of identify
Potions
 a - a potion of lignification
 d - a potion of might
 g - a potion of haste
 h - a potion of mutation
 n - a potion of curing
 p - a potion of degeneration {unknown}
 r - a potion of attraction {unknown}

Dungeon Overview and Level Annotations

Branches:
Dungeon (4/15)
 Temple: D:4-7

Altars:
Sif Muna

Shops:
D:2 ?(?*   D:3 !

Annotations:
D:2 1 runed translucent door, Crazy Yiuf
D:4 3 runed translucent doors, qw's ghost, weakling MiHu


Message History

The gnoll bouda barks out a call to the hunt!
The gnoll picks up the pace!
The gnoll hits you but does no damage.
The gnoll hits you from afar with a +0 spear.
The gnoll bouda gazes fiercely through you!
You feel as though you will be weak longer.
The gnoll bouda closely misses you.
3133 ||| DRINKING potion of heal wounds.
You feel much better. The gnoll bouda closely misses you.
The gnoll hits you but does no damage.
You barely miss the gnoll bouda.
The gnoll bouda is heavily wounded.
The gnoll bouda hits you but does no damage.
The gnoll hits you from afar with a +0 spear.
You hit the gnoll bouda but do no damage.
The gnoll bouda is heavily wounded.
The gnoll bouda hits you with a +0 whip.
The gnoll barely misses you.
You hit the gnoll bouda.
The gnoll bouda is severely wounded.
The gnoll bouda prays to its god.
The gnoll bouda is healed somewhat.
Qw's ghost wails.
You block the gnoll's attack. The gnoll barely misses you.
The gnoll bouda hits you with a +0 whip!
You barely miss the gnoll bouda.
The gnoll bouda is heavily wounded.
The gnoll bouda gazes fiercely through you!
You feel as though you will be weak longer.
You block the gnoll bouda's attack.
The gnoll hits you from afar with a +0 spear.
You barely miss the gnoll bouda.
The gnoll bouda is heavily wounded.
The gnoll bouda closely misses you. The gnoll hits you but does no damage.
You hit the gnoll bouda but do no damage.
The gnoll bouda is heavily wounded.
The gnoll bouda hits you but does no damage.
The gnoll closely misses you.
The gnoll bouda hits you with a +0 whip!
You die...

###...##..##..#.......#..##
#.##.##.......#..)....#...#
..##......##|.#..#.#..#...#
.####.........#.#...#.#...#
.# ###.###...#..#.#..#...#
.# #.# #...#.gB!...#...# .#
#.# ##..#..WK...#...# .#
#.# #..#########[..# .# #.#
#..g)@.........# .# #.#
#...)g...!.....# .# ...
###########.##.# .# #....#
.# #.#### .# #.# .# #.# .#
#######.# .# #.......#


You could see a gnoll bouda, qw's ghost, a gnoll (swift), a giant cockroach and
a kobold.

Vanquished Creatures
  Sigmund (D:2)
  A hound (D:4)
  A jelly (D:4)
  An adder (D:3)
  6 gnolls
  2 dart slugs
  2 orcs
  6 bats
  5 endoplasms
  A giant cockroach (D:2)
  8 goblins
  7 hobgoblins
  2 jackals (D:2)
  2 quokkas
  7 ball pythons
  5 frilled lizards
  5 kobolds
  A rat (D:2)
63 creatures vanquished.

Notes
Turn   | Place    | Note
-------+----------+-------------------------------------------
     0 | D:1      | qw the Gargoyle Fighter began the quest for the Orb.
     0 | D:1      | Reached XP level 1. HP: 14/14 MP: 1/1
     0 | D:1      | 0 ||| qw: Version: 0.2-a-123-gb51047a
     0 | D:1      | 0 ||| qw: Game counter: 3772
     0 | D:1      | 0 ||| qw: Always use a shield: true
     0 | D:1      | 0 ||| qw: God list: Okawaru
     0 | D:1      | 0 ||| qw: Allow faded altars: false
     0 | D:1      | 0 ||| qw: Do Orc after D:15 true
     0 | D:1      | 0 ||| qw: Do second Lair branch before Depths: true
     0 | D:1      | 0 ||| qw: Lair rune preference: random
     0 | D:1      | 0 ||| qw: Plans: Normal, Zot:1-4, Slime:5, God:TSO, Crypt,
                  | Tomb, Abyss, Pan, Hells, Win
     0 | D:1      | 0 ||| PLANNING D:1-11
    75 | D:1      | Reached skill level 2 in Axes
   118 | D:1      | 118 ||| Stepping ~*~*~tactically~*~*~ (stealth).
   131 | D:1      | Reached XP level 2. HP: 17/19 MP: 2/2
   506 | D:1      | 506 ||| Stepping ~*~*~tactically~*~*~ (stealth).
   510 | D:1      | Reached skill level 3 in Axes
   514 | D:1      | Reached XP level 3. HP: 23/23 MP: 3/3
   568 | D:1      | 568 ||| UPGRADING to +0 chain mail.
   578 | D:1      | 578 ||| DROPPING +0 scale mail.
   579 | D:1      | 579 ||| READING scroll labelled LELAT DODITT.
   582 | D:1      | 582 ||| READING scroll labelled EPUISEI MIHU.
   601 | D:2      | Found Ruan's General Store.
   611 | D:2      | 611 ||| BUYING potion of lignification (33 gold).
   611 | D:2      | Bought a potion of lignification for 33 gold pieces
   611 | D:2      | 611 ||| SHOPLISTING scarf of repulsion (132 gold, have 38).
   641 | D:2      | Noticed Sigmund
   650 | D:2      | Killed Sigmund
   651 | D:2      | Reached skill level 5 in Axes
   651 | D:2      | Reached XP level 4. HP: 20/28 MP: 4/4
   651 | D:2      | Reached XP level 5. HP: 23/32 MP: 5/5
   734 | D:2      | Found Jageom's Magic Scroll Shoppe.
   742 | D:2      | 742 ||| SHOPLISTING 2 scrolls of enchant weapon (180 gold,
                  | have 53).
   742 | D:2      | 742 ||| BUYING scroll of identify (24 gold).
   742 | D:2      | Bought a scroll of identify for 24 gold pieces
   784 | D:2      | Found Giblumaust's Magic Scroll Shop.
   785 | D:2      | 785 ||| Stepping ~*~*~tactically~*~*~ (hiding).
   788 | D:2      | 788 ||| Stepping ~*~*~tactically~*~*~ (stealth).
   898 | D:2      | 898 ||| DROPPING +0 club.
   902 | D:2      | 902 ||| SHOPLISTING scroll of brand weapon (114 gold, have
                  | 29).
   902 | D:2      | 902 ||| SHOPLISTING scroll of enchant weapon (90 gold, have
                  | 29).
   902 | D:2      | 902 ||| BUYING scroll of identify (24 gold).
   902 | D:2      | Bought a scroll of identify for 24 gold pieces
   902 | D:2      | 902 ||| SHOPLISTING scroll of teleportation (36 gold, have
                  | 5).
   918 | D:2      | Found a faded altar of an unknown god.
   983 | D:2      | Found a runed translucent door.
   984 | D:2      | Noticed Crazy Yiuf
  1157 | D:2      | Found Zeapiel's Weapon Boutique.
  1165 | D:2      | 1165 ||| SHOPLISTING +9 flail of Radghih {venom, rC+ rN+
                  | Str+2} (787 gold, have 5).
  1183 | D:2      | 1183 ||| Stepping ~*~*~tactically~*~*~ (stealth).
  1185 | D:2      | 1185 ||| FLEEEEING.
  1190 | D:2      | 1190 ||| FLEEEEING.
  1191 | D:2      | 1191 ||| FLEEEEING.
  1192 | D:2      | 1192 ||| FLEEEEING.
  1193 | D:2      | 1193 ||| FLEEEEING.
  1194 | D:2      | 1194 ||| FLEEEEING.
  1195 | D:2      | 1195 ||| FLEEEEING.
  1196 | D:2      | 1196 ||| FLEEEEING.
  1197 | D:2      | 1197 ||| FLEEEEING.
  1201 | D:2      | 1201 ||| FLEEEEING.
  1202 | D:2      | 1202 ||| FLEEEEING.
  1204 | D:2      | 1204 ||| FLEEEEING.
  1205 | D:2      | 1205 ||| FLEEEEING.
  1206 | D:2      | 1206 ||| FLEEEEING.
  1208 | D:2      | 1208 ||| STAIRDANCE
  1232 | D:1      | 1232 ||| UPGRADING to +0 pair of gloves.
  1237 | D:1      | 1237 ||| UPGRADING to amulet of faith.
  1242 | D:1      | 1242 ||| UPGRADING to +6 ring of dexterity.
  1243 | D:1      | 1243 ||| READING scroll labelled CIHYRU VIHY.
  1244 | D:1      | 1244 ||| READING 2 scrolls of identify.
  1244 | D:1      | 1244 ||| IDENTIFYING viscous green potion
  1346 | D:2      | 1346 ||| Stepping ~*~*~tactically~*~*~ (stealth).
  1423 | D:2      | 1423 ||| DRINKING 3 grey potions.
  1495 | D:3      | Found Wagiow's Distillery.
  1511 | D:3      | Identified the +9 sling of Insufficient Pleasure {drain,
                  | rElec Str+3 Int+3}
  1513 | D:3      | 1513 ||| SHOPLISTING potion of attraction (30 gold, have
                  | 17).
  1513 | D:3      | 1513 ||| SHOPLISTING potion of cancellation (80 gold, have
                  | 17).
  1513 | D:3      | 1513 ||| SHOPLISTING potion of heal wounds (50 gold, have
                  | 17).
  1513 | D:3      | 1513 ||| SHOPLISTING potion of mutation (80 gold, have 17).
  1621 | D:3      | 1621 ||| Stepping ~*~*~tactically~*~*~ (stealth).
  1642 | D:3      | 1642 ||| Stepping ~*~*~tactically~*~*~ (stealth).
  1644 | D:3      | 1644 ||| Stepping ~*~*~tactically~*~*~ (stealth).
  1650 | D:3      | Reached XP level 6. HP: 38/38 MP: 6/6
  1698 | D:3      | 1698 ||| Stepping ~*~*~tactically~*~*~ (hiding).
  1703 | D:3      | Reached skill level 1 in Dodging
  2043 | D:3      | 2043 ||| Stepping ~*~*~tactically~*~*~ (hiding).
  2509 | D:3      | 2509 ||| Stepping ~*~*~tactically~*~*~ (stealth).
  2510 | D:3      | 2510 ||| Stepping ~*~*~tactically~*~*~ (stealth).
  2511 | D:3      | 2511 ||| Stepping ~*~*~tactically~*~*~ (stealth).
  2664 | D:3      | 2664 ||| READING scroll labelled KAROOTU JOHEA.
  2665 | D:3      | 2665 ||| READING scroll labelled DUECOSHREDIF.
  2666 | D:3      | 2666 ||| READING scroll labelled ROC BEIMUMOL.
  2667 | D:3      | 2667 ||| READING scroll labelled CIFAUT FAUT.
  2668 | D:3      | 2668 ||| READING 2 scrolls of identify.
  2668 | D:3      | 2668 ||| IDENTIFYING dark potion
  2698 | D:4      | Reached skill level 1 in Throwing
  2711 | D:4      | Found a shimmering blue altar of Sif Muna.
  2753 | D:4      | 2753 ||| Stepping ~*~*~tactically~*~*~ (stealth).
  2755 | D:4      | 2755 ||| Stepping ~*~*~tactically~*~*~ (hiding).
  2756 | D:4      | 2756 ||| Stepping ~*~*~tactically~*~*~ (hiding).
  2768 | D:4      | HP: 8/38 [gnoll/+0 spear of flaming[a gnoll bouda] (7)]
  2769 | D:4      | 2769 ||| READING scroll of teleportation.
  2770 | D:4      | 2770 ||| DRINKING 2 potions of heal wounds.
  3010 | D:4      | Found a runed translucent gate.
  3010 | D:4      | Noticed an ice beast
  3011 | D:4      | Found a runed translucent gate.
  3011 | D:4      | Noticed qw's ghost (weakling MiHu)
  3015 | D:4      | Found a runed translucent gate.
  3117 | D:4      | 3117 ||| READING scroll labelled FID MEAKHLUOGO.
  3118 | D:4      | 3118 ||| DRINKING 2 inky potions.
  3119 | D:4      | 3119 ||| DRINKING 2 fuming grey potions.
  3120 | D:4      | 3120 ||| DROPPING potion of enlightenment.
  3132 | D:4      | HP: 9/38 [gnoll/+0 spear[a gnoll bouda] (4)]
  3133 | D:4      | 3133 ||| DRINKING potion of heal wounds.
  3137 | D:4      | HP: 6/38 [gnoll/+0 spear[a gnoll bouda] (1)]
  3139 | D:4      | Slain by a gnoll bouda

Levels and vault maps discovered:
D:1:      minmay_arrival_arboretum_small, layout_basic
D:2:      layout_rooms, shapermc_ecumenical_altar_rom_forum, serial_shops, shop,
          shop, nicolae_shop_tiny_waterfront, shop, uniq_sigmund,
          uniq_crazy_yiuf_cottage
D:3:      layout_basic, serial_shops, nicolae_shop_tiny_statue_garden,
          kennysheep_generic_room_3
D:4:      layout_loops_ring, lemuel_round_altar, gammafunk_ghost_split

Skill      XL: |  1  2  3  4  5  6 |
---------------+-------------------+-----
Axes           | 2 3 5 |  5.4
Dodging        | 1 |  1.0
Throwing       | 1 |  1.2
Fighting       | 4 |  4.0
Armour         | |  3.2
Shields        | |  3.2

Action                     |  1- 3 |  4- 6 || total
---------------------------+-------+-------++-------
  Melee: War axe           |    60 |    94 ||   154
  Throw: Javelin           |       |    11 ||    11
    Use: Scroll            |     2 |     9 ||    11
         Potion            |       |     5 ||     5
 Armour: Scale mail        |    20 |       ||    20
         Chain mail        |     2 |    53 ||    55
  Dodge: Dodged            |    27 |    41 ||    68
  Block: Buckler           |     5 |    22 ||    27

Table legend:
 A = Non-vault XP
 B = Vault XP
 C = Vault XP percentage of total XP
 D = Non-vault monster count
 E = Vault monster count
 F = Vault count percentage of total count
                 A         B        C        D         E       F
            +---------+---------+-------+---------+---------+-------
      Total |     274 |     212 |  43.6 |      61 |       2 |   3.2
            +---------+---------+-------+---------+---------+-------
        D:1 |      34 |       0 |   0.0 |      20 |       0 |   0.0
        D:2 |      66 |     210 |  76.1 |      17 |       1 |   5.6
        D:3 |      34 |       2 |   5.6 |      12 |       1 |   7.7
        D:4 |     140 |       0 |   0.0 |      12 |       0 |   0.0
            +---------+---------+-------+---------+---------+-------
